 Dungeon Crawl Stone Soup version 0.25-b1-39-g0d900dab71 (webtiles) character file.

Game seed: 1281757848705681315

3216 diana the Skirmisher (level 9, -2/72 HPs)
             Began as a Demonspawn Fighter on June 7, 2020.
             Was a Follower of Makhleb.
             Succumbed to Erica's bolt of poison
             ... on level 8 of the Dungeon.
             The game lasted 00:08:16 (7266 turns).

diana the Skirmisher (Demonspawn Fighter)           Turns: 7266, Time: 00:08:17

Health: -2/72      AC: 17    Str: 28    XL:     9   Next: 65%
Magic:  9/9        EV:  9    Int: 10    God:    Makhleb [*.....]
Gold:   414        SH: 12    Dex: 17    Spells: 8/8 levels left

rFire    + . .     SeeInvis .   a - +0 war axe
rCold    + + .     Gourm    .   c - +0 kite shield
rNeg     . . .     Faith    .   A - +3 ring mail {rF+}
rPois    .         Spirit   .   (no helmet)
rElec    .         Reflect  .   y - +0 cloak
rCorr    .         Harm     .   k - +1 pair of gloves {Dex+3}
MR       .....                  (no boots)
Stlth    +.........             p - amulet of regeneration (curse)
HPRegen  0.62/turn              v - ring of protection from cold
MPRegen  0.11/turn              B - +6 ring of strength

@: lethally poisoned (-2 -> -14), very slightly contaminated, slowed, invisible,
very slow
A: claws 1, iridescent scales 2, agile 1, blurry vision 1, cold resistance 1,
strong 1
a: Renounce Religion


You were on level 8 of the Dungeon.
You worshipped Makhleb.
Makhleb was aware of your devotion.
You were not hungry.

You visited 2 branches of the dungeon, and saw 9 of its levels.

You collected 414 gold pieces.

Inventory:

Hand Weapons
 a - a +0 war axe (weapon)
Armour
 c - a +0 kite shield (worn)
 k - a +1 pair of gloves of dexterity (worn)
 y - a +0 cloak (worn)
 A - a +3 ring mail of fire resistance (worn)
Jewellery
 g - an uncursed ring of wizardry
 m - an uncursed ring of protection from magic
 p - a cursed amulet of regeneration (around neck)
 v - a ring of protection from cold (left hand)
 B - a +6 ring of strength (right hand)
 F - a +6 ring of intelligence {unknown}
Wands
 b - a wand of polymorph (23)
 d - a wand of disintegration (9)
 o - a wand of paralysis (10)
 u - a wand of flame (29)
 x - a wand of digging (6)
 E - a wand of iceblast (2)
Scrolls
 e - 5 scrolls of teleportation {unknown}
 h - 8 scrolls of identify {unknown}
 i - 5 scrolls of remove curse
 j - 2 scrolls of magic mapping {unknown}
 l - a scroll of amnesia {unknown}
 q - 3 scrolls of immolation {unknown}
 z - a scroll of random uselessness {unknown}
 C - a scroll of enchant armour {unknown}
Potions
 s - 3 potions of invisibility
 w - a potion of flight
Comestibles
 f - 9 rations
 D - a chunk of flesh


   Skills:
 + Level 7.4 Fighting
 + Level 6.5 Axes
 + Level 6.8 Armour
 + Level 6.8 Shields


You had 8 spell levels left.
You didn't know any spells.
Your spell library contained the following spells:

 Spells                   Type           Power        Failure   Level  Hunger
 Summon Small Mammal      Summ           #...         83%         1    ##.....
 Call Imp                 Summ           #.......     93%         2    ###....
 Call Canine Familiar     Summ           #.......     99%         3    ####...
 Summon Guardian Golem    Hex/Summ       #.......     99%         3    ####...
 Summon Ice Beast         Ice/Summ       #.......     100%        4    #####..
 Summon Lightning Spire   Summ/Air       #.......     100%        4    #####..


Dungeon Overview and Level Annotations

Branches:
Dungeon (8/15)             Temple (1/1) D:7
   Lair: D:8-11

Altars:
Ashenzari
Cheibriados
Dithmenos
Elyvilon
Fedhas
Gozag
Hepliaklqana
Makhleb
Nemelex Xobeh
Okawaru
Qazlal
Ru
Sif Muna
Trog
Uskayaw
Vehumet
Wu Jian
Xom
Yredelemnul
Zin
The Shining One

Annotations:
D:2 1 runed translucent door, Crazy Yiuf
D:3 1 runed translucent door, Jaiteiro's ghost, amateur DrFi
D:8 Erica


Innate Abilities, Weirdness & Mutations

You have sharp fingernails.
You are mostly covered in iridescent scales. (AC +4)
Your flesh is cold resistant. (rC+)
You are agile. (Dex +2)
Scrolls take you a little longer to read.
Your muscles are strong. (Str +2)


Message History

The bolt of poison hits you!
You are poisoned.
* * * LOW HITPOINT WARNING * * *
Erica points at you and mumbles some strange words.
The bolt of poison misses you.
You feel sick.
Erica casts a spell at something.
You feel sick.
Erica points at you and mumbles some strange words.
The bolt of poison hits you.
You are lethally poisoned!
* * * LOW HITPOINT WARNING * * *
It was a potion of mutation.
You feel extremely strange.
Your vision blurs.
You feel stronger.
You feel agile.
* * * LOW HITPOINT WARNING * * *
You feel very sick.
Erica points at you and mumbles some strange words.
The bolt of poison misses you.
Unknown command.
You die...

........# #..# ........#
#..# ........# #..#
........# #..#####
........# #.......
#+##########.......
######(.............(###
.................)...(..
#####..@..# #########.##
..........# #.....#
#######.....# #.###### #
#.......@...# #.......
#. #.####......#
######## #..#.# #......#
..#..#<####......###
##########
.....................
..........
..#..........#.######
###....##


You could see Erica.

Vanquished Creatures
  A centaur warrior (D:8)
  3 yaks
  3 ice beasts
  2 ogres
  A centaur (D:5)
  A big kobold (D:7)
  A bullfrog (D:6)
  A gnoll sergeant (D:7)
  2 scorpions (D:5)
  4 killer bees (D:7)
  2 vampire bats (D:5)
  A howler monkey (D:5)
  A bullfrog zombie (D:7)
  A jelly (D:7)
  3 hounds (D:6)
  2 orc priests
  A centaur skeleton (D:6)
  Ijyb (D:5)
  A gnoll shaman (D:5)
  4 worker ants
  An iguana (D:4)
  9 orc wizards
  A killer bee zombie (D:7)
  8 adders
  A howler monkey skeleton (D:4)
  12 gnolls
  An adder zombie (D:7)
  An adder skeleton (D:7)
  5 worms
  A dart slug (D:1)
  7 leopard geckos
  17 orcs
  12 bats
  6 giant cockroaches
  9 goblins
  12 hobgoblins
  13 jackals
  8 kobolds
  3 quokkas
  4 ball pythons
  5 frilled lizards
  A giant cockroach zombie (D:5)
  A jackal zombie (D:5)
  A quokka skeleton (D:4)
  15 rats
190 creatures vanquished.

Notes
Turn   | Place    | Note
-------+----------+-------------------------------------------
     0 | D:1      | diana the Demonspawn Fighter began the quest for the Orb.
     0 | D:1      | Reached XP level 1. HP: 18/18 MP: 1/1
   238 | D:1      | Gained mutation: You are partially covered in iridescent
                  | scales. (AC +2) [demonic ancestry]
   238 | D:1      | Reached XP level 2. HP: 19/24 MP: 2/2
   481 | D:1      | Reached XP level 3. HP: 29/29 MP: 3/3
   735 | D:2      | Found an ornate altar of the Wu Jian Council.
   989 | D:2      | Found a shattered altar of Ashenzari.
  1122 | D:2      | You fall into a shaft and drop 1 floor!
  1271 | D:2      | Gained mutation: You have sharp fingernails. [demonic
                  | ancestry]
  1271 | D:2      | Reached XP level 4. HP: 24/35 MP: 4/4
  1382 | D:2      | Found a snail-covered altar of Cheibriados.
  1639 | D:2      | Found a runed translucent door.
  1640 | D:2      | Noticed Crazy Yiuf
  1727 | D:2      | Found a sacrificial altar of Ru.
  1727 | D:2      | Found a stormy altar of Qazlal.
  1728 | D:2      | Found a hide-covered altar of Uskayaw.
  2263 | D:3      | Found a bloodstained altar of Trog.
  2499 | D:2      | Found a radiant altar of Vehumet.
  2549 | D:3      | Found a runed translucent door.
  2553 | D:3      | Noticed Jaiteiro's ghost (amateur DrFi)
  2742 | D:4      | Gained mutation: Your flesh is cold resistant. (rC+)
                  | [demonic ancestry]
  2742 | D:4      | Reached XP level 5. HP: 19/42 MP: 5/5
  2970 | D:4      | Noticed an ice beast
  2977 | D:4      | Killed an ice beast
  2977 | D:4      | Reached skill level 4 in Fighting
  3170 | D:4      | Reached XP level 6. HP: 37/48 MP: 6/6
  3872 | D:4      | Gained mutation: You are mostly covered in iridescent
                  | scales. (AC +4) [demonic ancestry]
  3872 | D:4      | Reached XP level 7. HP: 47/55 MP: 7/7
  4162 | D:5      | Entered Level 5 of the Dungeon
  4169 | D:5      | Noticed Ijyb
  4175 | D:5      | Reached skill level 5 in Fighting
  4180 | D:5      | Killed Ijyb
  4995 | D:5      | Found a white marble altar of Elyvilon.
  4995 | D:5      | Found a glowing golden altar of the Shining One.
  4995 | D:5      | Found a glowing silver altar of Zin.
  5054 | D:6      | Reached skill level 5 in Shields
  5056 | D:6      | Reached skill level 5 in Armour
  5056 | D:6      | Reached XP level 8. HP: 39/63 MP: 8/8
  5640 | D:6      | Reached skill level 5 in Axes
  5678 | D:6      | Reached skill level 6 in Fighting
  6042 | D:7      | Found a staircase to the Ecumenical Temple.
  6073 | Temple   | Entered the Ecumenical Temple
  6210 | Temple   | Became a worshipper of Makhleb the Destroyer
  6269 | D:7      | Found a basalt altar of Yredelemnul.
  6449 | D:7      | Found a bloodstained altar of Trog.
  6449 | D:7      | Found a radiant altar of Vehumet.
  6454 | D:7      | Found a shadowy altar of Dithmenos.
  6593 | D:7      | Reached XP level 9. HP: 66/71 MP: 9/9
  6609 | D:7      | Reached * piety under Makhleb
  7036 | D:8      | Reached skill level 7 in Fighting
  7047 | D:8      | Noticed a centaur warrior
  7066 | D:8      | Killed a centaur warrior
  7225 | D:8      | Noticed Erica
  7265 | D:8      | Gained mutation: Scrolls take you a little longer to read.
                  | [potion of mutation]
  7265 | D:8      | Gained mutation: Your muscles are strong. (Str +2) [potion
                  | of mutation]
  7265 | D:8      | Gained mutation: You are agile. (Dex +2) [potion of
                  | mutation]
  7265 | D:8      | HP: 1/72 [poisoned by Erica (bolt of poison)]
  7266 | D:8      | Succumbed to Erica's bolt of poison

Illustrated notes

Levels and vault maps discovered:
D:1:      dpeg_arrival_ratfight, layout_basic, minmay_tetromino_l4
D:2:      lemuel_upstairs_altar, layout_basic, old_standard_altar,
          nicolae_ashenzari_panopticon, gammafunk_temple_overflow_claw,
          lemuel_coloured_pillars_altar, first_ration, st_stairs_14,
          uniq_crazy_yiuf_cottage
D:3:      layout_basic, ebering_ghost_sewer_d, trog_hazing_becter
D:4:      minmay_bubble_buster, layout_rooms, dk_noncrumbling_2
D:5:      layout_cave_pools, good_gods_mini_temple,
          hangedman_abyss_or_decor_jellyfish_corner, hangedman_decor_slide_cut,
          chequers_serial_rivers_micro_a, roderic_batcave, uniq_ijyb
D:6:      layout_basic
D:7:      layout_loops_ring, minitemple, minmay_temple_entry_mist, basic_altar
D:8:      layout_basic, overflow_temple_1_default, uniq_erica, uniq_psyche,
          uniq_grum, uniq_maggie
Temple:   dpeg_three_leaves_temple

Skill      XL: |  1  2  3  4  5  6  7  8  9 |
---------------+----------------------------+-----
Axes           | 2 3 4 5 6 |  6.5
Armour         | 3 4 5 6 |  6.8
Shields        | 3 4 5 6 |  6.8
Fighting       | 4 5 6 7 |  7.4

Action                   |  1- 3 |  4- 6 |  7- 9 || total
-------------------------+-------+-------+-------++-------
Melee: War axe           |   122 |   181 |   289 ||   592
  Use: Potion            |       |       |     9 ||     9
       Scroll            |       |       |     1 ||     1
  Eat: Chunk             |     1 |     9 |    11 ||    21
Armor: Scale mail        |    69 |   153 |    57 ||   279
       Ring mail         |       |       |   150 ||   150
Dodge: Dodged            |    37 |    78 |   121 ||   236
Block: Kite shield       |    53 |   127 |   215 ||   395
